 Dungeon Crawl Stone Soup version 0.25.1-2-g60ff931df9 (webtiles) character file.

Game seed: 910998391133076578

95 DearestLeader the Changer (level 4, -3/28 HPs)
             Began as an Octopode Transmuter on Oct 2, 2020.
             Slain by an orc
             ... wielding a +0 club
              (4 damage)
             ... on level 5 of the Dungeon on Oct 3, 2020.
             The game lasted 00:04:45 (3135 turns).

DearestLeader the Changer (Octopode Transmuter)     Turns: 3135, Time: 00:04:46

Health: -3/28      AC:  1    Str:  9    XL:     4   Next: 65%
Magic:  6/7        EV: 13    Int: 16    God:
Gold:   88         SH:  0    Dex: 12    Spells: 0/7 levels left

rFire    x . .     SeeInvis .     - Unarmed
rCold    + . .     Gourm    .   (no shield)
rNeg     . . .     Faith    .   (helmet restricted)
rPois    .         Spirit   .   (no amulet)
rElec    .         Reflect  .   j - ring of ice
rCorr    .         Harm     .   (no ring)
MR       .....                  (no ring)
Stlth    ++........             (no ring)
HPRegen  0.09/turn              (no ring)
MPRegen  0.10/turn              (no ring)
                                (no ring)
                                (no ring)

@: appendage
A: almost no armour, stealthy swim, amphibious, 8 rings, constrict 8, tentacle
spike 3, camouflage 1, gelatinous body 1
a: End Transformation


You were on level 5 of the Dungeon.
You were very hungry.
One of your tentacles had a temporary spike.
You visited 1 branch of the dungeon, and saw 5 of its levels.

You collected 88 gold pieces.

Inventory:

Missiles
 a - 29 arrows (quivered)
Jewellery
 j - a ring of ice (left tentacle)
Scrolls
 b - a scroll of fog {unknown}
 e - 2 scrolls of blinking {unknown}
 f - a scroll of enchant weapon {unknown}
 g - 5 scrolls of identify {unknown}
 h - a scroll of teleportation {unknown}
 i - a scroll of remove curse {unknown}
Potions
 d - a potion of degeneration {unknown}
 k - 3 potions of heal wounds {unknown}
 l - 2 potions of lignification {unknown}
 m - 2 potions of flight {unknown}
 n - 2 potions of curing {unknown}
Comestibles
 c - 4 rations


   Skills:
 - Level 1.0 Fighting
 - Level 2.0 Dodging
 + Level 3.8 Unarmed Combat
 - Level 2.0 Spellcasting
 * Level 4.0 Transmutations
 + Level 0.2 Ice Magic


You couldn't memorise any spells.
You knew the following spells:

 Your Spells              Type           Power        Failure   Level  Hunger
a - Beastly Appendage     Tmut           ##....       4%          1    #......
b - Sticks to Snakes      Tmut           ##......     6%          2    ###....
c - Ice Form              Ice/Tmut       ##......     65%         4    #####..

Your spell library contained the following spells:

 Spells                   Type           Power        Failure   Level  Hunger
 Spider Form              Tmut/Pois      #.........   26%         3    ###....
 Blade Hands              Tmut           ##........   73%         5    ######.


Dungeon Overview and Level Annotations

Branches:
Dungeon (5/15)
 Temple: D:4-7

Altars:


Innate Abilities, Weirdness & Mutations

You cannot wear most types of armour.
You are very stealthy in the water. (Stealth+)
You are amphibious.
You can wear up to eight rings at the same time.
You can use your tentacles to constrict eight enemies at once.
Your skin changes colour to match your surroundings (Stealth+).
Your rubbery body absorbs attacks. (AC +1, EV +1)
One of your tentacles bears a large vicious spike.


Message History

You are too injured to fight recklessly!
You are too injured to fight recklessly!
You tentacle-slap the orc. Your grab misses the orc.
You squeeze the orc, but do no damage.
The orc is moderately wounded.
The orc hits you with a +0 hand axe. The orc closely misses you.
You tentacle-slap the orc but do no damage.
Your grab misses the orc.
The orc is moderately wounded.
The orc completely misses you. The orc barely misses you.
You closely miss the orc. You grab the orc.
The orc is moderately wounded.
You constrict the orc, but do no damage.
The orc barely misses you. The orc misses you. The orc hits you with a +0 club.
* * * LOW HITPOINT WARNING * * *
The orc hits you from afar with a +0 trident.
* * * LOW HITPOINT WARNING * * *
You release your grip on the orc.
The orc hits you but does no damage. The orc hits you with a +0 club.
You die...

####
....#
#...####
#......#
#...ooo#
#.o@#
#####


You could see 4 orcs.

Vanquished Creatures
  A gnoll (D:4)
  3 adders
  2 worms
  2 dart slugs
  3 orcs
  6 bats
  5 giant cockroaches
  4 goblins
  8 hobgoblins
  2 quokkas (D:2)
  A frilled lizard (D:2)
  A kobold (D:2)
  7 rats
45 creatures vanquished.

Notes
Turn   | Place    | Note
-------+----------+-------------------------------------------
     0 | D:1      | DearestLeader the Octopode Transmuter began the quest for
                  | the Orb.
     0 | D:1      | Reached XP level 1. HP: 13/13 MP: 3/3
   337 | D:1      | Reached XP level 2. HP: 18/18 MP: 3/5
  1034 | D:2      | Reached skill level 3 in Transmutations
  1034 | D:2      | Reached XP level 3. HP: 19/23 MP: 4/6
  1529 | D:2      | Learned a level 2 spell: Sticks to Snakes
  1918 | D:2      | Reached XP level 4. HP: 27/28 MP: 7/7
  2167 | D:3      | You fall into a shaft and drop 1 floor!
  2873 | D:4      | Learned a level 4 spell: Ice Form
  2896 | D:5      | Entered Level 5 of the Dungeon
  2942 | D:5      | Noticed an ogre
  3131 | D:5      | Reached skill level 4 in Transmutations
  3134 | D:5      | HP: 1/28 [orc/+0 trident (6)]
  3135 | D:5      | Slain by an orc

Illustrated notes

Levels and vault maps discovered:
D:1:      saegor_arrival_simple_d, layout_loops_corners
D:2:      layout_basic
D:3:      layout_basic
D:4:      layout_rooms
D:5:      cheibrodos_fzero, layout_basic, nicolae_ashenzari_panopticon,
          first_ration

Skill      XL: |  1  2  3  4 |
---------------+-------------+-----
Transmutations | 3 4 |  4.0
Fighting       | |  1.0
Dodging        | |  2.0
Unarmed Combat | |  3.8
Spellcasting   | |  2.0
Ice Magic      | |  0.2

Action                   |  1- 3 |  4- 6 || total
-------------------------+-------+-------++-------
Melee: Unarmed           |    69 |    32 ||   101
       Kick              |    16 |     4 ||    20
       Constrict         |    17 |     9 ||    26
       Tentacles         |     6 |     5 ||    11
 Cast: Beastly Appendage |    19 |     6 ||    25
       Sticks to Snakes  |     1 |       ||     1
 Stab: Sleeping          |     6 |       ||     6
  Eat: Chunk             |     3 |     3 ||     6
Armor: Skin              |    13 |     7 ||    20
Dodge: Dodged            |    39 |    39 ||    78
